 Dungeon Crawl Stone Soup version 0.19-a0-147-g6f47703 (webtiles) character file.

833 MackTheKnife the Cleaver (level 7, 0/60 HPs)
             Began as a Hill Orc Wanderer on May 18, 2016.
             Was a Follower of Trog.
             Slain by haldagan's ghost (3 damage)
             ... on level 5 of the Dungeon.
             The game lasted 00:11:06 (4964 turns).

MackTheKnife the Cleaver (Hill Orc Wanderer)        Turns: 4964, Time: 00:11:07

Health: 0/60       AC:  9    Str: 17      XL:     7   Next: 98%
Magic:  0/7        EV:  9    Int: 13 (14) God:    Trog [*.....]
Gold:   196        SH:  2    Dex:  8      Spells: 0 memorised, 6 levels left

rFire  . . .     SeeInvis .     a - +0 hand axe
rCold  . . .     Gourm    .     w - +4 ring mail
rNeg   . . .     Faith    .     v - +0 buckler
rPois  .         Spirit   +     (no helmet)
rElec  .         Dismiss  .     (no cloak)
rCorr  .         Reflect  .     (no gloves)
SustAt .         Harm     .     (no boots)
MR     .....                    i - amulet of guardian spirit {Spirit}
Stlth  +.........               (no ring)
                                (no ring)

@: exhausted, very slightly contaminated, not resistant to hostile enchantments,
very unstealthy
A: no striking features
a: Berserk, Burn Spellbooks, Renounce Religion


You were on level 5 of the Dungeon.
You worshipped Trog.
Trog was aware of your devotion.
You were very hungry.

You visited 2 branches of the dungeon, and saw 6 of its levels.

You collected 196 gold pieces.

Inventory:

Hand Weapons
 a - a +0 hand axe (weapon)
   (You found it on level 1 of the Dungeon)
 b - a +2 hand crossbow
Missiles
 h - 38 bolts
Armour
 c - a +1 hat
   (You found it on level 4 of the Dungeon)
 v - a +0 buckler (worn)
   (You took it off a kobold on level 2 of the Dungeon)
 w - a +4 ring mail (worn)
   (You found it on level 4 of the Dungeon)
 A - a +0 large shield
   (You found it on level 3 of the Dungeon)
Jewellery
 i - an amulet of guardian spirit (around neck) {Spirit}
   (You found it on level 3 of the Dungeon)
Wands
 z - a wand of enslavement (11/24)
   (You found it on level 3 of the Dungeon)
Scrolls
 k - a scroll of amnesia
 l - 8 scrolls of identify
 m - 3 scrolls of remove curse
Potions
 d - 2 potions of lignification {!q}
 e - a potion of invisibility
 o - a potion of heal wounds {unknown}
Comestibles
 f - a bread ration {@e1}
 g - 2 meat rations {@e2}
 j - 2 fruits
 p - 2 beef jerkies
 q - a chunk of flesh {@w0}


   Skills:
 - Level 4.6 Fighting
 + Level 10.6 Axes
 - Level 1.7 Crossbows
 - Level 2.1 Armour
 - Level 1.0 Dodging
 - Level 1.0 Stealth
 - Level 1.0 Evocations


You had 6 spell levels left.
You didn't know any spells.

Dungeon Overview and Level Annotations

Branches:
Dungeon (5/15)             Temple (1/1) D:4

Altars:
Ashenzari
Dithmenos
Fedhas
Gozag
Nemelex Xobeh
Okawaru
Pakellas
Qazlal
Sif Muna
Trog
Vehumet
Xom

Shops:
D:4 }

Annotations:
D:4 Duvessa
D:5 haldagan's ghost, novice CeWn


Message History

You take 1 damage, and have 89/90 hp.
You hit haldagan's ghost but do no damage.
Haldagan's ghost hits you but does no damage.
You hit haldagan's ghost but do no damage.
You closely miss haldagan's ghost. You slash haldagan's ghost!
Haldagan's ghost hits you.
You take 4 damage, and have 85/90 hp.
You closely miss haldagan's ghost. You hit haldagan's ghost.
Haldagan's ghost hits you but does no damage.
You barely miss haldagan's ghost. You hit haldagan's ghost.
Haldagan's ghost hits you!
You take 8 damage, and have 77/90 hp.
You now have 6/7 mp.
You slash haldagan's ghost! You slash haldagan's ghost!
Haldagan's ghost hits you but does no damage.
You hit haldagan's ghost. You slash haldagan's ghost!
Haldagan's ghost barely misses you.
You hit haldagan's ghost but do no damage.
Haldagan's ghost hits you!
You closely miss haldagan's ghost.
You hit haldagan's ghost but do no damage.
Haldagan's ghost completely misses you.
You hit haldagan's ghost but do no damage.
You are no longer berserk.
You are exhausted.
You feel yourself slow down.
You are feeling hungry.
You now have 46/60 hp.
You barely miss haldagan's ghost.
Haldagan's ghost assumes a wrestling stance.
Haldagan's ghost hits you but does no damage.
Haldagan's ghost closely misses you.
You hit haldagan's ghost but do no damage.
Haldagan's ghost hits you.
You take 5 damage, and have 41/60 hp.
You now have 4/7 mp.
You barely miss haldagan's ghost. Haldagan's ghost hits you!
You take 7 damage, and have 34/60 hp.
You now have 3/7 mp.
You hit haldagan's ghost but do no damage.
Haldagan's ghost hits you.
You hit haldagan's ghost but do no damage.
Haldagan's ghost hits you but does no damage.
You closely miss haldagan's ghost. Haldagan's ghost hits you!
Haldagan's ghost hits you.
You take 11 damage, and have 23/60 hp.
You now have 3/7 mp.
Read which item? (? for menu, Esc to quit)
Okay, then.
Drink which item? (? for menu, Esc to quit)
It was a potion of invisibility.
You fade into invisibility!
Haldagan's ghost barely misses you.
You are very lightly contaminated with residual magic.
You barely miss haldagan's ghost. Haldagan's ghost hits you.
You take 2 damage, and have 21/60 hp.
You closely miss haldagan's ghost.
You are feeling very hungry.
Haldagan's ghost hits you.
* * * LOW HITPOINT WARNING * * *
You take 4 damage, and have 17/60 hp.
You now have 2/7 mp.
You catch the helpless haldagan's ghost completely off-guard!
You hit haldagan's ghost. Haldagan's ghost barely misses you.
Haldagan's ghost hits you.
* * * LOW HITPOINT WARNING * * *
You take 4 damage, and have 13/60 hp.
Haldagan's ghost closely misses you.
You flicker for a moment.
Haldagan's ghost completely misses you. Haldagan's ghost hits you.
* * * LOW HITPOINT WARNING * * *
You take 1 damage, and have 13/60 hp.
You now have 2/7 mp.
Haldagan's ghost closely misses you.
You flicker back into view.
Haldagan's ghost says, "What's the hurry?
You'll die anyway."
Haldagan's ghost hits you!
* * * LOW HITPOINT WARNING * * *
You take 9 damage, and have 5/60 hp.
You now have 1/7 mp.
Unknown command.
Read which item? (? for menu, Esc to quit)
Okay, then.
Drink which item? (? for menu, Esc to quit)
You feel better. Haldagan's ghost completely misses you.
Haldagan's ghost hits you!
* * * LOW HITPOINT WARNING * * *
Unknown command.
Unknown command.
Unknown command.
Unknown command.
Unknown command.
Unknown command.
Unknown command.
Drink which item? (? for menu, Esc to quit)
Okay, then.
Unknown command.
Drink which item? (? for menu, Esc to quit)
Okay, then.
You take 2 damage, and have 3/60 hp.
Unknown command.
You feel yourself speed up. Haldagan's ghost hits you.
You die...

..h #.. #. #.. .# #.
..###.# #.
#[#.#.#### #.
#..#......#
#.#####†#.....# .#
.#####.....W@......#
.###
...............##..#
..#
#####..#####..##..#.
#.#### #
#..#####........#
#<.... ...
#.........##..#.#
#.####
♣)..#..######## .#
..# ♣....# .. .a..
♣♣...# #...## ♣♣..#
....


You could see a hound (wandering) and haldagan's ghost.

Vanquished Creatures
  The ghost of runewalsh the Chiller, an amateur OpIE of Gozag (D:4)
  2 phantoms (D:4)
  Dowan (D:4)
  A howler monkey (D:5)
  A gnoll shaman (D:4)
  An orc priest (D:4)
  An orc wizard (D:4)
  3 worker ants
  A statue (D:4)
  10 gnolls
  4 adders
  An ooze (D:4)
  An adder skeleton (D:4)
  2 worms
  5 giant geckos
  7 orcs
  4 giant cockroaches
  9 goblins
  3 hobgoblins
  4 jackals (D:1)
  A quokka (D:3)
  3 ball pythons
  4 bats (D:3)
  5 giant newts
  3 kobolds
  5 rats
83 creatures vanquished.

Notes
Turn   | Place    | Note
--------------------------------------------------------------
     0 | D:1      | MackTheKnife the Hill Orc Wanderer began the quest for the Orb.
     0 | D:1      | MackTheKnife set off with: a +2 hand crossbow, 27 bolts, a +0 ring mail, a potion of lignification {!q}, a bread ration {@e1}
     0 | D:1      | Reached XP level 1. HP: 19/19 MP: 1/1
    98 | D:1      | Reached skill level 4 in Fighting
   227 | D:1      | Reached XP level 2. HP: 26/27 MP: 2/2
   927 | D:2      | Reached skill level 1 in Axes
   958 | D:2      | Found a shadowy altar of Dithmenos.
  1025 | D:2      | Reached XP level 3. HP: 19/34 MP: 3/3
  1104 | D:2      | Reached skill level 2 in Axes
  1109 | D:2      | Reached skill level 3 in Axes
  1120 | D:2      | Reached XP level 4. HP: 27/41 MP: 4/4
  1679 | D:2      | Found a bloodstained altar of Trog.
  1679 | D:2      | Found a shattered altar of Ashenzari.
  1706 | D:2      | Became a worshipper of Trog the Wrathful
  2029 | D:3      | Reached skill level 4 in Axes
  2180 | D:3      | HP: 10/41 [poisoned by an adder]
  2181 | D:3      | Gained mutation: You tend to lose your temper in combat. [potion of mutation]
  2181 | D:3      | Gained mutation: Armour fits poorly on your strangely shaped body. [potion of mutation]
  2181 | D:3      | Gained mutation: You have sharp fingernails. [potion of mutation]
  2183 | D:3      | Lost mutation: You have sharp fingernails. [potion of cure mutation]
  2183 | D:3      | Lost mutation: Armour fits poorly on your strangely shaped body. [potion of cure mutation]
  2183 | D:3      | Lost mutation: You tend to lose your temper in combat. [potion of cure mutation]
  2403 | D:3      | Reached XP level 5. HP: 41/47 MP: 5/5
  2483 | D:3      | Reached skill level 5 in Axes
  2855 | D:4      | Found a shimmering altar of Xom.
  2886 | D:4      | Reached * piety under Trog
  2887 | D:4      | HP: 11/47 [poisoned by a worker ant]
  2892 | D:4      | HP: 8/47 [poisoned by a worker ant]
  2898 | D:4      | HP: 6/47 [poisoned by a worker ant]
  2904 | D:4      | HP: 5/47 [poisoned by a worker ant]
  2912 | D:4      | HP: 4/47 [poisoned by a worker ant]
  3215 | D:4      | Noticed a phantom
  3239 | D:5      | Entered Level 5 of the Dungeon
  3427 | D:4      | Found a staircase to the Ecumenical Temple.
  3439 | Temple   | Entered the Ecumenical Temple
  3588 | D:4      | Killed a phantom
  3588 | D:4      | Reached skill level 7 in Axes
  3588 | D:4      | Reached XP level 6. HP: 45/53 MP: 4/6
  3982 | D:4      | Found a sparkling altar of Nemelex Xobeh.
  4030 | D:4      | Found a radiant altar of Vehumet.
  4097 | D:4      | Noticed a phantom
  4132 | D:4      | Killed a phantom
  4132 | D:4      | Reached skill level 8 in Axes
  4164 | D:4      | Found an oddly glowing altar of Pakellas.
  4164 | D:4      | Found Pakellas's Prime Provisions.
  4247 | D:4      | Reached XP level 7. HP: 56/60 MP: 1/7
  4401 | D:4      | Found a sparkling altar of Nemelex Xobeh.
  4463 | D:4      | Reached skill level 9 in Axes
  4535 | D:4      | Noticed Duvessa
  4550 | D:4      | Noticed Dowan
  4552 | D:4      | Noticed runewalsh's ghost (amateur OpIE)
  4652 | D:4      | Killed runewalsh's ghost
  4652 | D:4      | Reached skill level 10 in Axes
  4740 | D:4      | Killed Dowan
  4920 | D:5      | Noticed haldagan's ghost (novice CeWn)
  4954 | D:5      | HP: 13/60 [haldagan's ghost (4)]
  4961 | D:5      | HP: 5/60 [haldagan's ghost (9)]
  4964 | D:5      | Slain by haldagan's ghost

Vault maps used:
D:1:      dpeg_arrival_court, columned_hall_lemuel
D:2:      grunt_dithmenos_smoke_and_mirrors, gammafunk_temple_overflow_wave,
          first_bread
D:4:      overflow_temple_1_default, johnstein_pakellas_shop, vehumet_statue,
          nemelex_xobeh_ov_fountains_minmay, temple_fountains,
          nemelex_dance_club_becter, uniq_duvessa
D:5:      good_gods_temple_1, makhleb_heckhound_becter,
          kennysheep_vampire_church, uniq_menkaure
Temple:   nicolae_temple_hex_pool_5

Skill      XL: |  1  2  3  4  5  6  7 |
---------------+----------------------+-----
Fighting       | 4 |  4.6
Axes           | 1 3 4 7 8 10 | 10.6
Crossbows      | |  1.7
Armour         | |  2.1
Dodging        | |  1.0
Stealth        | |  1.0
Evocations     | |  1.0

Action                   |  1- 3 |  4- 6 |  7- 9 || total
-------------------------+-------+-------+-------++-------
Melee: Dagger            |    35 |       |       ||    35
       Hand axe          |    31 |   209 |   113 ||   353
 Fire: Hand crossbow     |    20 |    31 |       ||    51
Invok: Berserk           |       |     7 |     4 ||    11
       Burn Spellbooks   |       |       |     1 ||     1
  Use: Potion            |       |     5 |     2 ||     7
       Scroll            |       |     2 |     9 ||    11
 Stab: Invisible         |       |       |     1 ||     1
  Eat: Chunk             |       |     9 |     7 ||    16
       Royal jelly       |       |     1 |       ||     1
       Bread ration      |       |     1 |       ||     1
       Fruit             |       |     1 |       ||     1
Armor: Ring mail         |    22 |    74 |    49 ||   145
Dodge: Dodged            |    40 |    89 |    31 ||   160
Block: Buckler           |       |    14 |     9 ||    23

Vault maps used:
D:1:      dpeg_arrival_court, columned_hall_lemuel
D:2:      grunt_dithmenos_smoke_and_mirrors, gammafunk_temple_overflow_wave,
          first_bread
D:4:      overflow_temple_1_default, johnstein_pakellas_shop, vehumet_statue,
          nemelex_xobeh_ov_fountains_minmay, temple_fountains,
          nemelex_dance_club_becter, uniq_duvessa
D:5:      good_gods_temple_1, makhleb_heckhound_becter,
          kennysheep_vampire_church, uniq_menkaure
Temple:   nicolae_temple_hex_pool_5

Table legend:
 A = Turns spent in this place as a percentage of turns spent in the entire game.
 B = Non-inter-level travel turns spent in this place as a percentage of non-inter-level travel turns spent in the entire game.
 C = Inter-level travel turns spent in this place as a percentage of turns spent in this place.
 D = Turns resting spent in this place as a percentage of non-inter-level travel turns spent in this place.
 E = Turns spent auto-exploring this place as a percentage of non-inter-level travel turns spent in this place.
 F = Non-inter-level travel turns spent in this place divided by the number of levels of this place that you've seen.
                   A       B       C       D       E      F
               +-------+-------+-------+-------+-------+----------------------
         Total | 100.0 | 100.0 |   0.6 |   5.8 |   7.8 | 236.8
       Dungeon |  99.5 |  99.6 |   0.5 |   5.8 |   7.4 | 283.0
        Temple |   0.5 |   0.4 |  14.3 |   0.0 | 100.0 |   6.0
               +-------+-------+-------+-------+-------+----------------------

Table legend:
 A = Kills in this place as a percentage of kills in entire the game.
 B = Kills by you in this place as a percentage of kills by you in the entire game.
 C = Kills by friends in this place as a percentage of kills by friends in the entire game.
 D = Other kills in this place as a percentage of other kills in the entire game.
 E = Experience gained in this place as a percentage of experience gained in the entire game.
 F = Experience gained in this place divided by the number of levels of this place that you have seen.
                   A       B       C       D       E      F
               +-------+-------+-------+-------+-------+----------------------
         Total | 100.0 | 100.0 |  -nan |  -nan | 100.0 | 198.3
       Dungeon | 100.0 | 100.0 |  -nan |  -nan | 100.0 | 238.0
               +-------+-------+-------+-------+-------+----------------------
